 Dungeon Crawl Stone Soup version 0.26-a0-665-gefeb406119 (webtiles) character file.

Game seed: 7416989705031969259

175076 marklar909 the Fencer (level 18, 0/143 HPs)
             Began as a Formicid Abyssal Knight on Oct 13, 2020.
             Was the Champion of Lugonu.
             Slain by an entropy weaver (1 damage)
             ... on level 2 of the Spider Nest on Oct 14, 2020.
             The game lasted 02:10:10 (52224 turns).

marklar909 the Fencer (Formicid Abyssal Knight)    Turns: 52224, Time: 02:10:10

Health: 0/143      AC: 22    Str: 21    XL:     18   Next: 43%
Magic:  15/26      EV: 21    Int: 15    God:    Lugonu [******]
Gold:   1310       SH:  6    Dex: 13    Spells: 0/27 levels left

rFire    . . .     SeeInvis +   a - +9 demon blade "Wyocag" {vorpal, rElec Int+2}
rCold    . . .     Faith    .   k - +0 buckler {rN+}
rNeg     + . .     Spirit   .   I - +1 swamp dragon scales
rPois    +         Reflect  .   (helmet unavailable)
rElec    +         Harm     .   m - +2 cloak
rCorr    +         Rampage  +   Q - +2 pair of gloves
MR       +....                  c - +2 pair of boots {rampage}
Stlth    +++.......             Z - amulet of the acrobat
HPRegen  0.33/turn              Y - +4 ring of evasion
MPRegen  0.20/turn              h - ring of resist corrosion

@: lethally poisoned (0 -> 0)
A: permanent stasis, dig shafts and tunnels, four strong arms, antennae 3
}: 1/15 runes: decaying
a: Dig, Shaft Self, Depart the Abyss, Bend Space, Banish, Corrupt, Enter the
Abyss, Brand Weapon With Distortion, Renounce Religion


You were on level 2 of the Spider Nest.
You worshipped Lugonu.
Lugonu was exalted by your worship.
You visited 5 branches of the dungeon, and saw 29 of its levels.
You visited the Abyss 1 time.
You also visited: Bailey, Ice Cave and Volcano.

You collected 3924 gold pieces.
You spent 2614 gold pieces at shops.

Inventory:

Hand Weapons
 a - the +9 demon blade "Wyocag" (weapon) {vorpal, rElec Int+2}
   (You found it in an ice cave)

   It inflicts extra damage upon your enemies.
   It affects your intelligence (+2).
   It insulates you from electricity.
Missiles
 v - 5 atropa-tipped darts
 B - 3 curare-tipped darts
 C - 72 poisoned darts (quivered)
 F - 28 javelins
Armour
 c - a +2 pair of boots of rampaging (worn)
 k - a +0 buckler of positive energy (worn)
 m - a +2 cloak (worn)
 I - +1 swamp dragon scales (worn)
 Q - a +2 pair of gloves (worn)
Jewellery
 f - a +4 ring of protection
 h - a ring of resist corrosion (right hand)
 r - an uncursed ring of protection from magic
 K - an uncursed ring of protection from fire
 O - an uncursed ring of positive energy
 S - an uncursed ring of protection from cold
 Y - a +4 ring of evasion (left hand)
 Z - an amulet of the acrobat (around neck)
Wands
 p - a wand of iceblast (27)
 A - a wand of paralysis (14)
 E - a wand of acid (13)
 H - a wand of digging (20)
 M - a wand of disintegration (28)
 W - a wand of random effects (9)
Scrolls
 i - 13 scrolls of identify
 j - a scroll of fear
 q - 6 scrolls of amnesia
 y - 9 scrolls of remove curse
 z - 5 scrolls of magic mapping
 L - 8 scrolls of fog
 R - a scroll of summoning
Potions
 d - 6 potions of invisibility
 e - 9 potions of curing
 g - 10 potions of lignification
 l - 3 potions of might
 n - 5 potions of brilliance
 o - 2 potions of resistance
 s - 5 potions of ambrosia
 t - a potion of cancellation
 u - 7 potions of mutation
 w - 3 potions of stabbing
 x - 3 potions of flight
 D - 2 potions of heal wounds
 G - 3 potions of magic
Miscellaneous
 J - a condenser vane (1/2)
 N - a lightning rod (4/4)


   Skills:
 * Level 13.0 Fighting
   Level 1.6(10.2) Short Blades
 * Level 15.0(15.1) Long Blades
 + Level 6.4 Throwing
 * Level 12.2 Armour
 + Level 10.1 Dodging
 + Level 6.8 Stealth
 + Level 9.2 Shields
 + Level 5.2 Spellcasting
 + Level 3.7 Conjurations
 * Level 2.0 Transmutations
 + Level 6.9 Ice Magic
 + Level 2.6 Air Magic
 * Level 5.1 Earth Magic
 * Level 10.2 Poison Magic
 + Level 11.4 Invocations
 + Level 3.5 Evocations


You couldn't memorise any spells.
You knew the following spells:

 Your Spells              Type           Power        Failure   Level
a - Frozen Ramparts       Ice            ###...       4%          3
b - Ignite Poison         Fire/Tmut/Pois ###.....     13%         3
c - Mephitic Cloud        Conj/Pois/Air  ###.....     7%          3
d - Eringya's Noxious Bo  Tmut/Pois      ###.......   96%         6
e - Olgreb's Toxic Radia  Pois           ####....     3%          4
f - Stone Arrow           Conj/Erth      ###...       12%         3
g - Lee's Rapid Deconstr  Erth           ###.......   61%         5

Your spell library contained the following spells:

 Spells                   Type           Power        Failure   Level
 Freeze                   Ice            ###.         1%          1
 Sting                    Tmut/Pois      ###.         1%          1
 Sandblast                Erth           ###...       2%          1
 Poisonous Vapours        Pois/Air       ###...       2%          2
 Ozocubu's Armour         Ice            ###.....     4%          3
 Spider Form              Tmut/Pois      ###.......   5%          3
 Ensorcelled Hibernation  Hex/Ice        ##....       9%          2
 Passwall                 Tmut/Erth      ##......     9%          2
 Corona                   Hex            #......      24%         1
 Hailstorm                Conj/Ice       ###.....     26%         4
 Dazzling Flash           Conj/Hex       #.....       32%         3
 Alistair's Intoxication  Tmut/Pois      ###......    45%         5
 Petrify                  Tmut/Erth      ##......     47%         4
 Summon Ice Beast         Ice/Summ       ##......     50%         4
 Confusing Touch          Hex            #.......     56%         3
 Tukima's Dance           Hex            #.......     56%         3


Dungeon Overview and Level Annotations

Branches:
Dungeon (15/15)            Temple (0/1) D:4            Lair (6/6) D:8
  Swamp (4/4) Lair:4       Spider (2/4) Lair:2        Slime (0/5) Lair:6
    Orc (2/2) D:11            Elf (0/3) Orc:2        Vaults (0/5) D:14
 Depths (0/5) D:15         Bailey (visited)           IceCv (visited)
Volcano (visited)

Altars:
Ashenzari
Cheibriados
Dithmenos
Elyvilon
Fedhas
Gozag
Hepliaklqana
Makhleb
Okawaru
Ru
Uskayaw
Wu Jian
Yredelemnul
Zin

Shops:
D:5 ?   D:8 [   D:10 *   D:14 :   Orc:2 !(!(

Portals:
Abyss: Lair:6

Annotations:
Lair:6 exclusion: 6 oklob plants
Swamp:2 3 runed translucent doors, contendunt's ghost, adept MiFi; nago's ghost, adept DrBr; robertstho's ghost, journeyman GnFE
Abyss:1 Bai Suzhen; Snorg


Innate Abilities, Weirdness & Mutations

You cannot be hasted, slowed, berserked, paralysed or teleported.
You can dig through walls and to a lower floor.
Your four strong arms can wield two-handed weapons with a shield.
You have a pair of large antennae on your head. (SInv)


Message History

* * * LOW HITPOINT WARNING * * *
You hit the entropy weaver.
The entropy weaver is heavily wounded.
The jumping spider is engulfed in noxious fumes.
Unknown command.
Your magical effects are unravelling.
You feel magically purged.
You are no longer corroded.
You feel sick.
The jumping spider is engulfed in noxious fumes.
The jumping spider leaps!
The entropy weaver is engulfed in noxious fumes.
The entropy weaver hits you!
* * * LOW HITPOINT WARNING * * *
The entropy weaver hits you.
* * * LOW HITPOINT WARNING * * *
The entropy weaver hits you but does no damage. x2
The entropy weaver is engulfed in noxious fumes.
The entropy weaver barely misses you. The entropy weaver hits you.
You die...

#^...^.^#†{†{^.^#
#..!...#####{.†.#
#$s....#...{....#
#...>{°#........#
#§§.°{#....°...^#
##s...#..s..(...#
#s{{##{........#
#B####....!...^#
##@##.........(#
#####.......###
#..#......
####......


You could see an entropy weaver, a demonic crawler, a jumping spider and a
tarantella (wandering).

Vanquished Creatures
  The ghost of HilariousDeathArtist the Warrior, an adept NaMo of Okawaru (Lair:6)
  2 thorn hunters
  Agnes (D:15)
  Kirke (D:15)
  Aizul (Swamp:4)
  A ghost moth (Spider:1)
  A stone giant (Orc:1)
  2 boulder beetles
  A vault guard (D:14)
  17 hydras
  Harold (D:11)
  2 catoblepae
  A centaur warrior (D:14)
  A merfolk avatar (Lair:6)
  12 alligators
  4 shambling mangroves
  2 two-headed ogres
  A ghost crab (Swamp:4)
  A thrashing horror (Lair:6)
  3 orc high priests (Orc:2)
  Urug (D:12)
  Nergalle (D:11)
  4 spriggans
  A sun demon (Volcano)
  14 swamp dragons
  2 spriggan druids (Swamp:4)
  A flayed ghost (D:15)
  6 ugly things
  A necromancer (D:15)
  7 orc knights
  5 orb spiders
  2 harpies (Lair:6)
  A deep elf mage (D:13)
  9 orc sorcerers
  7 wolf spiders
  2 cyclopes (D:14)
  13 slime creatures
  A worldbinder (Lair:6)
  A faun (Lair:1)
  3 manticores (Lair:6)
  24 elephants
  5 centaur zombies
  6 black mambas
  2 ice statues (IceCv)
  A torpor snail (Lair:5)
  A gargoyle (D:11)
  18 cane toads
  5 rime drakes
  10 komodo dragons
  A freezing wraith (D:15)
  2 tengu conjurers (D:14)
  8 ice devils (IceCv)
  2 demonic crawlers (Spider:1)
  2 guardian mummies (D:15)
  7 jumping spiders
  A red devil (Volcano)
  8 polar bears (Lair:6)
  11 trolls
  13 hornets
  6 tyrant leeches
  9 bog bodies
  A deep troll zombie (D:15)
  A spriggan zombie (D:15)
  4 blink frogs (Lair:6)
  2 ice dragon zombies (D:15)
  19 redbacks
  2 raiju (Lair:6)
  3 wraiths
  Sigmund (D:6)
  73 yaks
  5 hogs (D:15)
  10 tarantellas
  3 basilisks
  8 wyverns
  Grum (D:11)
  13 vampire mosquitoes
  4 wargs
  4 insubstantial wisps (Swamp:4)
  19 swamp worms
  2 hell hounds (Volcano)
  12 water moccasins
  3 black bears
  A hornet zombie (D:7)
  4 ice beasts
  22 swamp drakes
  27 orc warriors
  An ogre (shapeshifter) (Lair:6)
  5 sky beasts
  13 ogres
  A phantom (D:12)
  3 centaurs
  44 wolves
  20 bullfrogs
  8 gnoll sergeants (Bailey)
  2 water moccasin zombies
  10 scorpions
  8 killer bees
  7 wights
  2 howler monkeys
  An electric eel (Lair:6)
  A bullfrog skeleton (D:4)
  3 bullfrog zombies
  11 hounds
  A quasit (D:8)
  6 gnoll shamans (Bailey)
  2 centaur skeletons
  4 jellies
  14 orc priests
  5 iguanas
  14 worker ants
  22 orc wizards
  A killer bee zombie (D:9)
  A hound zombie (D:7)
  A hound skeleton (D:8)
  2 worker ant zombies
  21 gnolls
  16 adders
  A shadow imp (D:6)
  20 white imps
  6 ufetubi (IceCv)
  2 oozes
  6 worms
  An adder skeleton (D:7)
  A dart slug (D:2)
  6 leopard geckos
  88 orcs
  10 bats
  13 giant cockroaches
  8 hobgoblins
  14 jackals
  14 kobolds
  7 quokkas
  2 ball pythons
  A ball python zombie (D:5)
  8 frilled lizards
  12 goblins
  A leopard gecko zombie (D:7)
  2 quokka skeletons (D:7)
  A quokka zombie (D:5)
  14 rats
1012 creatures vanquished.

Vanquished Creatures (collateral kills)
  A hornet (Swamp:3)
  A bullfrog (D:7)
  An orc wizard (D:9)
  An orc (D:7)
4 creatures vanquished.

Vanquished Creatures (others)
  An alligator (Swamp:4)
  An orc warrior (Orc:2)
  An orc priest (Orc:2)
  An orc wizard (Orc:2)
  4 white imps (IceCv)
  4 ufetubi (IceCv)
  4 orcs
  91 fungi
  111 plants
  8 withered plants
226 creatures vanquished.

Grand Total: 1242 creatures vanquished

Notes
Turn   | Place    | Note
-------+----------+-------------------------------------------
     0 | Abyss:1  | marklar909 the Formicid Abyssal Knight began the quest for
                  | the Orb.
     0 | Abyss:1  | Reached XP level 1. HP: 18/18 MP: 2/2
    42 | D:1      | Escaped the Abyss
   221 | D:1      | Reached XP level 2. HP: 24/24 MP: 3/3
   239 | D:1      | Reached skill level 1 in Dodging
   738 | D:1      | Reached XP level 3. HP: 30/30 MP: 4/4
   783 | D:1      | Reached ** piety under Lugonu
  1384 | D:2      | Reached XP level 4. HP: 22/37 MP: 5/5
  2396 | D:2      | Reached skill level 3 in Long Blades
  2789 | D:2      | Found a hide-covered altar of Uskayaw.
  3386 | D:3      | Reached XP level 5. HP: 37/42 MP: 6/6
  4332 | D:4      | Reached skill level 1 in Stealth
  4335 | D:4      | Reached skill level 4 in Long Blades
  4335 | D:4      | Reached XP level 6. HP: 44/49 MP: 7/7
  4339 | D:4      | Reached *** piety under Lugonu
  5143 | D:4      | Found a staircase to the Ecumenical Temple.
  5217 | D:4      | Reached XP level 7. HP: 45/55 MP: 9/9
  5360 | D:4      | Found an iron altar of Okawaru.
  5722 | D:5      | Entered Level 5 of the Dungeon
  5834 | D:5      | Found Avuserchioxo's Magic Scroll Shoppe.
  5841 | D:5      | Bought a scroll of magic mapping for 49 gold pieces
  5841 | D:5      | Bought a scroll of enchant armour for 105 gold pieces
  5841 | D:5      | Bought a scroll of remove curse for 42 gold pieces
  5841 | D:5      | Bought a scroll of identify for 28 gold pieces
  5841 | D:5      | Bought a scroll of identify for 28 gold pieces
  5952 | D:5      | Reached skill level 5 in Long Blades
  6199 | D:5      | You fall into a shaft and drop 2 floors!
  6758 | D:6      | Noticed Sigmund
  6771 | D:6      | Killed Sigmund
  6771 | D:6      | Reached skill level 5 in Fighting
  6771 | D:6      | Reached XP level 8. HP: 55/62 MP: 10/10
  6833 | D:6      | Found a blossoming altar of Fedhas.
  6837 | D:6      | Found a broken altar of Ashenzari.
  6842 | D:6      | Found a glowing silver altar of Zin.
  7362 | D:6      | Reached skill level 6 in Long Blades
  7548 | D:6      | Reached skill level 1 in Throwing
  8574 | D:6      | Reached **** piety under Lugonu
  8690 | D:7      | Reached XP level 9. HP: 65/68 MP: 12/12
  8838 | D:7      | Reached skill level 5 in Invocations
  8936 | D:7      | Reached skill level 5 in Armour
  9172 | D:7      | Reached skill level 7 in Long Blades
  9491 | D:7      | Reached skill level 1 in Evocations
 10336 | D:8      | Found a sacrificial altar of Ru.
 10353 | D:8      | Found Gakliokk's Antique Armour Shop.
 10446 | D:8      | Found a staircase to the Lair.
 10454 | D:8      | Reached XP level 10. HP: 68/77 MP: 14/14
 10759 | D:7      | Reached skill level 8 in Long Blades
 11053 | D:8      | Found a hazy altar of Hepliaklqana.
 11195 | D:8      | Found a snail-covered altar of Cheibriados.
 11232 | D:8      | Found a shadowy altar of Dithmenos.
 11302 | D:8      | Found a broken altar of Ashenzari.
 11390 | D:8      | Found an opulent altar of Gozag.
 11391 | D:8      | Found an ornate altar of the Wu Jian Council.
 11557 | D:9      | Found a white marble altar of Elyvilon.
 13023 | D:9      | Reached skill level 9 in Long Blades
 13130 | D:9      | Found a basalt altar of Yredelemnul.
 13237 | D:9      | Reached ***** piety under Lugonu
 13809 | D:10     | Entered Level 10 of the Dungeon
 13812 | D:10     | Found Buetuom's Assorted Antiques.
 13902 | D:10     | Reached skill level 1 in Shields
 13902 | D:10     | Reached XP level 11. HP: 86/86 MP: 15/15
 13915 | D:10     | Found a flagged portal.
 13929 | Bailey   | Entered a bailey
 14869 | D:10     | Found an ornate altar of the Wu Jian Council.
 15034 | D:10     | Reached skill level 5 in Dodging
 15116 | D:10     | Noticed Snorg
 15119 | D:10     | Banished Snorg
 15312 | D:10     | Reached skill level 5 in Throwing
 15633 | D:11     | Noticed Nergalle
 15635 | D:11     | Noticed a six-headed hydra
 15870 | D:11     | Noticed Grum
 15901 | D:11     | Killed Grum
 15955 | D:11     | Found an opulent altar of Gozag.
 16260 | D:11     | Reached skill level 10 in Long Blades
 16491 | D:11     | Found a staircase to the Orcish Mines.
 16504 | D:11     | Noticed Harold
 16510 | D:11     | Killed Harold
 16796 | D:11     | Banished a six-headed hydra
 16796 | D:11     | Reached XP level 12. HP: 94/94 MP: 17/17
 16797 | D:11     | Noticed a two-headed ogre
 16808 | D:11     | Killed a two-headed ogre
 16808 | D:11     | Reached skill level 5 in Shields
 16817 | D:11     | Learned a level 3 spell: Frozen Ramparts
 16990 | D:11     | Killed Nergalle
 17170 | D:12     | Noticed a five-headed hydra
 17174 | D:11     | Reached skill level 1 in Spellcasting
 17299 | D:11     | Banished a six-headed hydra
 17299 | D:11     | Reached skill level 1 in Ice Magic
 17889 | D:12     | Noticed Urug
 17920 | D:12     | Killed Urug
 17920 | D:12     | Reached skill level 11 in Long Blades
 18310 | D:12     | Found a burning altar of Makhleb.
 18310 | D:12     | Noticed a green death
 18978 | D:12     | Reached skill level 5 in Stealth
 19423 | Lair:1   | Entered Level 1 of the Lair of Beasts
 19455 | Lair:1   | Noticed a five-headed hydra
 19869 | Lair:1   | Banished a five-headed hydra
 19869 | Lair:1   | Reached XP level 13. HP: 92/101 MP: 18/18
 20508 | Lair:1   | Found a glowing silver altar of Zin.
 21217 | Lair:2   | Found a frozen archway.
 21229 | Lair:2   | Reached ****** piety under Lugonu
 21252 | IceCv    | Entered an ice cave
 22637 | IceCv    | Reached skill level 12 in Long Blades
 22768 | IceCv    | Reached skill level 5 in Ice Magic
 22897 | IceCv    | Noticed a reaper
 22901 | IceCv    | Banished a reaper
 23255 | IceCv    | Got a translucent demon blade
 23256 | IceCv    | Identified the +9 demon blade "Wyocag" {vorpal, rElec
                  | Int+2} (You found it in an ice cave)
 23265 | IceCv    | Identified Sif Muna's Almanac of Toxins
 23559 | Lair:2   | Found a hole to the Spider Nest.
 23993 | Lair:2   | Got a fading ring mail
 24621 | Lair:3   | Reached skill level 10 in Fighting
 25151 | Lair:4   | Noticed a five-headed hydra
 25158 | Lair:4   | Found a dark tunnel.
 25167 | Lair:4   | Banished a five-headed hydra
 25173 | Lair:4   | Reached XP level 14. HP: 90/110 MP: 10/19
 25253 | Volcano  | Entered a volcano
 25439 | Volcano  | Reached skill level 13 in Long Blades
 25671 | Lair:4   | Found a staircase to the Swamp.
 25728 | Lair:4   | Learned a level 2 spell: Poisonous Vapours
 25732 | Lair:4   | Learned a level 3 spell: Mephitic Cloud
 26142 | Lair:4   | Reached skill level 1 in Conjurations
 26760 | Lair:5   | Reached skill level 1 in Poison Magic
 26994 | Lair:5   | Identified the +1 ring mail "Kuiter" {Int+7 Stlth-} (You
                  | found it on level 2 of the Lair of Beasts)
 27206 | Lair:5   | Reached skill level 1 in Air Magic
 27848 | Lair:6   | Entered Level 6 of the Lair of Beasts
 28424 | Lair:6   | Reached XP level 15. HP: 117/117 MP: 21/21
 29708 | Lair:6   | Found a one-way gate to the infinite horrors of the Abyss.
 29708 | Lair:6   | Noticed HilariousDeathArtist's ghost (adept NaMo)
 29721 | Lair:6   | Found a transporter.
 30032 | Lair:6   | Identified the cursed +0 demon trident "Pendulum" {distort,
                  | +Inv rC+ Stlth+}
 30053 | Lair:6   | Found a transporter.
 30235 | Lair:6   | Found a staircase to the Slime Pits.
 31000 | Lair:6   | Noticed a ghost moth
 31000 | Lair:6   | a dire elephant changed into a ghost moth
 31003 | Lair:6   | Reached skill level 10 in Armour
 31003 | Lair:6   | Noticed an emperor scorpion
 31003 | Lair:6   | a ghost moth changed into an emperor scorpion
 31013 | Lair:6   | an emperor scorpion changed into an entropy weaver
 31015 | Lair:6   | Reached skill level 5 in Poison Magic
 31019 | Lair:6   | HP: 5/117 [ice dragon (glowing shapeshifter)/blast of cold
                  | (38)]
 31026 | Lair:6   | HP: 5/117 [ice dragon (glowing shapeshifter)/blast of cold
                  | (23)]
 31059 | Lair:6   | Noticed a sphinx
 31059 | Lair:6   | a fire dragon changed into a sphinx
 31064 | Lair:6   | a sphinx changed into an iron troll
 31068 | Lair:6   | Noticed an azure jelly
 31068 | Lair:6   | a dire elephant changed into an azure jelly
 31071 | Lair:6   | Noticed a quicksilver dragon
 31071 | Lair:6   | an azure jelly changed into a quicksilver dragon
 31615 | Lair:6   | Killed HilariousDeathArtist's ghost
 32309 | Orc:1    | Entered Level 1 of the Orcish Mines
 32517 | Orc:2    | Entered Level 2 of the Orcish Mines
 32872 | Orc:2    | Reached skill level 10 in Invocations
 32926 | Orc:2    | Found a staircase to the Elven Halls.
 33364 | Orc:2    | Reached skill level 14 in Long Blades
 34534 | Orc:1    | Noticed a stone giant
 34544 | Orc:1    | Killed a stone giant
 34544 | Orc:1    | Reached XP level 16. HP: 92/125 MP: 23/23
 35661 | Orc:2    | Found Mugh's Distillery.
 35661 | Orc:2    | Found Luss's Weapon Shoppe.
 35663 | Orc:2    | Found Dutheb's Distillery.
 35663 | Orc:2    | Found Agieta's Antique Weapon Shop.
 35671 | Orc:2    | Bought a potion of cancellation for 88 gold pieces
 35671 | Orc:2    | Bought 3 potions of lignification for 99 gold pieces
 35671 | Orc:2    | Bought a potion of heal wounds for 55 gold pieces
 35671 | Orc:2    | Bought a potion of heal wounds for 55 gold pieces
 35671 | Orc:2    | Bought 2 potions of mutation for 176 gold pieces
 35671 | Orc:2    | Bought a potion of heal wounds for 55 gold pieces
 35671 | Orc:2    | Bought a potion of curing for 33 gold pieces
 35672 | Orc:2    | Bought a runed great sword for 361 gold pieces
 35674 | Orc:2    | Bought a potion of ambrosia for 80 gold pieces
 35674 | Orc:2    | Bought a potion of cancellation for 80 gold pieces
 35674 | Orc:2    | Bought a potion of magic for 80 gold pieces
 35674 | Orc:2    | Bought a potion of ambrosia for 80 gold pieces
 35674 | Orc:2    | Bought a potion of might for 40 gold pieces
 35674 | Orc:2    | Bought a potion of curing for 30 gold pieces
 36462 | D:13     | Found an iron altar of Okawaru.
 37189 | D:14     | Found a gate to the Vaults.
 37414 | D:14     | Found Epuesuit's Book Shoppe.
 37603 | D:15     | Entered Level 15 of the Dungeon
 37755 | D:15     | Found a staircase to the Depths.
 38498 | D:15     | Noticed Agnes
 38509 | D:15     | Killed Agnes
 38601 | D:15     | Noticed Kirke
 38636 | D:15     | Killed Kirke
 38789 | D:15     | Found a blossoming altar of Fedhas.
 39183 | Swamp:1  | Entered Level 1 of the Swamp
 40566 | Swamp:1  | Noticed a thorn hunter
 40572 | Swamp:1  | Learned a level 3 spell: Ozocubu's Armour
 40602 | Swamp:1  | Killed a thorn hunter
 41661 | Swamp:2  | Reached XP level 17. HP: 127/133 MP: 25/25
 42111 | D:14     | Bought a Young Poisoner's Handbook for 560 gold pieces
 42111 | D:14     | Bought a book of Geomancy for 490 gold pieces
 42118 | D:14     | Learned a level 4 spell: Olgreb's Toxic Radiance
 42122 | D:14     | Learned a level 3 spell: Stone Arrow
 42128 | D:14     | Learned a level 5 spell: Lee's Rapid Deconstruction
 42444 | Swamp:2  | Found a runed translucent gate.
 42444 | Swamp:2  | Found a runed translucent gate.
 42444 | Swamp:2  | Found a runed translucent gate.
 42768 | Swamp:2  | Noticed nago's ghost (adept DrBr)
 42769 | Swamp:2  | Noticed robertstho's ghost (journeyman GnFE)
 42769 | Swamp:2  | Noticed contendunt's ghost (adept MiFi)
 42811 | Swamp:3  | Reached skill level 1 in Earth Magic
 44442 | Swamp:3  | Noticed Bai Suzhen
 44456 | Swamp:3  | Banished Bai Suzhen
 44456 | Swamp:3  | Reached skill level 5 in Spellcasting
 45143 | Swamp:4  | Entered Level 4 of the Swamp
 45574 | Swamp:4  | Noticed a thorn hunter
 45632 | Swamp:4  | Killed a thorn hunter
 46150 | Swamp:4  | Reached skill level 1 in Short Blades
 46158 | Swamp:4  | Got a fine lead ring
 46159 | Swamp:4  | Noticed Aizul
 46187 | Swamp:4  | Killed Aizul
 47020 | Swamp:4  | Learned a level 3 spell: Ignite Poison
 49346 | Swamp:4  | Reached XP level 18. HP: 84/142 MP: 26/26
 49550 | Swamp:4  | Got a decaying rune of Zot
 49651 | Swamp:4  | Reached skill level 10 in Dodging
 50372 | D:8      | Learned a level 6 spell: Eringya's Noxious Bog
 50414 | Spider:1 | Entered Level 1 of the Spider Nest
 50900 | Spider:1 | Reached skill level 1 in Transmutations
 50940 | Spider:1 | Reached skill level 15 in Long Blades
 51250 | Spider:1 | Reached skill level 10 in Poison Magic
 51339 | Spider:1 | Reached skill level 5 in Earth Magic
 51876 | D:8      | Identified the ring "Moseext" {+Fly Int+4} (You found it on
                  | level 4 of the Swamp)
 52224 | Spider:2 | HP: 7/143 [entropy weaver (10)]
 52224 | Spider:2 | HP: 1/143 [entropy weaver (6)]
 52224 | Spider:2 | Slain by an entropy weaver

Illustrated notes

Levels and vault maps discovered:
D:1:      dpeg_arrival_boxorama, layout_basic
D:2:      kb_forest_paths, layout_basic, old_standard_altar, minmay_hexomino_c4
D:3:      kennysheep_six_static_rooms, layout_basic
D:4:      layout_basic, okawaru_metal_pillars_1_2, minmay_temple_entry_poolview,
          cheibrodos_sewer_entry_bend, chequers_serial_rivers_micro_b
D:5:      layout_rooms, serial_shops,
          nicolae_shop_temple_entry_statues_fountains,
          chequers_serial_rivers_micro_c
D:6:      layout_basic, minmay_overflow_temple_star_quad, uniq_sigmund
D:7:      layout_layer_cave
D:8:      layout_rooms, overflow_temple_1_default, old_standard_altar,
          nicolae_dithmenos_shadow_blocks, old_standard_altar, minitemple,
          due_lair_maze_entry_diamond, serial_shops, shop, basic_altar
D:9:      minmay_razor_zed, layout_loops_ring, kennysheep_ying_yang
D:10:     layout_loops_cross, basic_altar, enter_bailey_3, serial_shops, shop,
          uniq_snorg
D:11:     layout_small_grid, erik_orc_4, grunt_gozag_statues, uniq_grum,
          uniq_harold, uniq_nergalle
D:12:     layout_layer_cave, makhleb_altar_promises_db, uniq_urug
D:13:     layout_roguey, basic_altar, minivault_27
D:14:     layout_irregular_city, david_vaults_5, serial_shops, shop
D:15:     gammafunk_depths_entry_grave, layout_irregular_city,
          fedhas_altar_fruit_tree, uniq_kirke, uniq_agnes
Lair:1:   layout_chaotic_city, basic_altar, grunt_forest_large_clearings,
          grunt_megastairs_5
Lair:2:   layout_cave_pods, nicolae_spider_entry_non_spiders,
          portal_ice_cave_entry_imps
Lair:3:   layout_long_grid, infiniplex_staircase_pool, lemuel_fruit_fields,
          serial_bayou_shore_b, serial_bayou_shore_b
Lair:4:   layout_loops_ring, swamp_mist, nicolae_volcano_entry_lava_flow,
          lemuel_old_faithful, serial_bayou_shore_a, lemuel_fruit_tree
Lair:5:   layout_cave_shapes
Lair:6:   gammafunk_lair_ancient_temple, layout_regular_city,
          minmay_slime_entry_oklob_open, gammafunk_ghost_abyssal_escape,
          nicolae_quartered_pool_super
Swamp:1:  layout_falls_marsh, nicolae_swamp_treefoil
Swamp:2:  layout_basic_swamp, gammafunk_ghost_cemetery,
          evilmike_swamp_ruin_house_1, infiniplex_staircase_pool_2
Swamp:3:  layout_basic_swamp, nicolae_swamp_trees_clearing, swamp_pool5,
          nicolae_swamp_dragon_and_kin, uniq_bai_suzhen
Swamp:4:  swamp, layout_basic_swamp, swamp_pool2, uniq_aizul
Spider:1: layout_spider_delve
Spider:2: layout_spider_delve, uniq_arachne
Orc:1:    layout_diamond_mine, nicolae_orc_tapped_out
Orc:2:    grunt_orc_tribal_feast, layout_caves

Skill      XL: |  1  2  3  4  5  6  7  8  9 10 11 12 13 14 15 16 17 18 |
---------------+-------------------------------------------------------+-----
Dodging        | 1 3 4 5 6 7 8 9 10 | 10.1
Armour         | 3 4 5 6 7 8 9 10 11 12 | 12.2
Fighting       | 4 5 6 8 9 10 11 12 13 | 13.0
Long Blades    | 3 4 5 6 7 9 10 11 12 13 14 15 | 15.0
Stealth        | 1 2 3 4 5 6 |  6.8
Invocations    | 3 4 6 7 9 10 11 | 11.4
Throwing       | 2 3 5 6 |  6.4
Evocations     | 1 2 3 |  3.5
Shields        | 1 4 5 6 7 8 9 |  9.2
Spellcasting   | 3 4 5 |  5.2
Ice Magic      | 4 5 6 |  6.9
Conjurations   | 2 3 |  3.7
Poison Magic   | 3 6 7 9 10 | 10.2
Air Magic      | 2 |  2.6
Earth Magic    | 4 5 |  5.1
Short Blades   | 1 |  1.6
Transmutations | 2 |  2.0

Action                   |  1- 3 |  4- 6 |  7- 9 | 10-12 | 13-15 | 16-18 || total
-------------------------+-------+-------+-------+-------+-------+-------++-------
Melee: Falchion          |   117 |   196 |    32 |       |       |       ||   345
       Long sword        |       |       |   302 |   601 |   272 |   138 ||  1313
       Demon blade       |       |       |       |       |   853 |  1089 ||  1942
       Dagger            |       |       |       |       |       |    64 ||    64
Throw: Stone             |       |    14 |     3 |       |       |       ||    17
       Dart              |       |       |    38 |    95 |   142 |    29 ||   304
       Javelin           |       |       |     5 |     2 |     2 |       ||     9
       Boomerang         |       |       |     5 |       |       |       ||     5
 Cast: Frozen Ramparts   |       |       |       |     3 |    28 |     6 ||    37
       Mephitic Cloud    |       |       |       |       |     4 |    13 ||    17
       Ozocubu's Armour  |       |       |       |       |       |     7 ||     7
       Olgreb's Toxic Ra |       |       |       |       |       |    21 ||    21
       Ignite Poison     |       |       |       |       |       |     1 ||     1
Invok: Banish            |       |       |       |     5 |     5 |     4 ||    14
       Bend Space        |       |       |       |       |     1 |     3 ||     4
 Abil: Dig               |       |       |     1 |     8 |    18 |     6 ||    33
Evoke: Wand              |       |       |    21 |    13 |    29 |     2 ||    65
       Condenser vane    |       |       |       |     2 |     1 |     2 ||     5
  Use: Scroll            |       |     5 |    16 |    14 |     9 |     8 ||    52
       Potion            |       |     1 |     1 |     2 |     7 |     3 ||    14
 Stab: Sleeping          |       |     1 |     2 |     3 |     4 |     6 ||    16
       Distracted        |       |       |     1 |       |     1 |     3 ||     5
       Paralysed         |       |       |       |     4 |       |       ||     4
       Invisible         |       |       |       |     1 |     1 |       ||     2
       Confused          |       |       |       |       |     3 |     7 ||    10
Armor: Leather armour    |    53 |    73 |   141 |    50 |       |       ||   317
       Skin              |       |     2 |     7 |       |       |       ||     9
       Troll leather arm |       |       |       |    46 |       |       ||    46
       Swamp dragon scal |       |       |       |   144 |   449 |   626 ||  1219
Dodge: Dodged            |    89 |   130 |   255 |   432 |   686 |   853 ||  2445
Block: Buckler           |       |       |       |    92 |   244 |   325 ||   661
       Rpst.: Falchion   |    22 |    49 |     3 |       |       |       ||    74
       Long sword        |       |       |    76 |   108 |    63 |    18 ||   265
       Demon blade       |       |       |       |       |    99 |   131 ||   230

Table legend: (Time is in decaauts)
 A = Elapsed time spent in this place.
 B = Non-inter-level travel time spent in this place.
 C = Inter-level travel time spent in this place.
 D = Time resting spent in this place.
 E = Time spent auto-exploring this place.
 F = Levels seen in this place.
 G = Mean time per level.
                   A        B        C        D        E       F      G
               +--------+--------+--------+--------+--------+-----+--------+
         Total |  51895 |  46240 |   5655 |  15275 |  22303 |  33 | 1572.6 |
       Dungeon |  23634 |  20832 |   2802 |   5103 |  11749 |  15 | 1575.6 |
          Lair |   9875 |   8475 |   1400 |   2617 |   4590 |   6 | 1645.8 |
         Swamp |   9979 |   9094 |    885 |   4561 |   3067 |   4 | 2494.8 |
   Spider Nest |   1636 |   1508 |    128 |    157 |   1124 |   2 |  818.0 |
  Orcish Mines |   3419 |   2980 |    439 |   1150 |   1282 |   2 | 1709.5 |
         Abyss |     42 |     42 |      0 |      0 |     17 |   1 |   42.0 |
        Bailey |    801 |    801 |      0 |     82 |    232 |   1 |  801.0 |
      Ice Cave |   2137 |   2137 |      0 |   1605 |     80 |   1 | 2137.0 |
       Volcano |    370 |    370 |      0 |      0 |    161 |   1 |  370.0 |
               +--------+--------+--------+--------+--------+-----+--------+

Top non-repeatable levels by time:
  Lair:6: 3937 daAuts
 Swamp:4: 3543 daAuts
 Swamp:3: 2866 daAuts
     D:7: 2616 daAuts
    D:11: 2262 daAuts
     D:8: 2203 daAuts
   IceCv: 2137 daAuts
     D:6: 1932 daAuts
     D:1: 1932 daAuts
 Swamp:1: 1907 daAuts
     D:9: 1884 daAuts
   Orc:2: 1831 daAuts
 Swamp:2: 1662 daAuts
Spider:1: 1591 daAuts
   Orc:1: 1587 daAuts
